[Event "DFMM-LV 2023"]
[Site "Braunfels"]
[Date "2023.06.11"]
[Round "5.40"]
[White "Perovic-Ottstadt, Sanja"]
[Black "Albayrak, Melissa"]
[Result "0-1"]
[Annotator "NA RC COMBH"]
[ECO "D12"]
[WhiteElo "1443"]
[BlackElo "1362"]
[PlyCount "56"]
[EventDate "2023.06.09"]
[EventType "team-tourn"]
[EventCountry "GER"]
[SourceTitle "playchess.com"]
[Source "ChessBase"]
[SourceQuality "1"]
[TimeControl "40/5400+30:1800+30"]

1. d4 d5 2. Nf3 Nf6 3. e3 Bf5 4. c4 c6 5. Nc3 e6 6. Bd3 Bxd3 7. Qxd3 Nbd7 8. O-O Bd6 9. b3 O-O 10. Bb2 Re8 11. Rfe1 e5 12. dxe5 Nxe5 13. Nxe5 Bxe5 14. Rac1 Ne4 15. f3 Nc5 16. Qc2 d4 17. exd4 Qxd4+ 18. Kh1 Nd3 19. Re2 Nxc1 20. Qxc1 Bf4 21. Qe1 Rxe2 22. Qxe2 Qd2 23. Qxd2 Bxd2 24. Ne4 Rd8 25. g3 f5 26. Nc5 Be3 27. Nxb7 Rd1+ 28. Kg2 Rd2+ 0-1

[Event "DFMM-LV 2023"]
[Site "Braunfels"]
[Date "2023.06.11"]
[Round "5.41"]
[White "Nguyen, Ha Thanh"]
[Black "Rath, Alina"]
[Result "1/2-1/2"]
[Annotator "TA"]
[ECO "B65"]
[WhiteElo "1968"]
[BlackElo "2051"]
[PlyCount "37"]
[EventDate "2023.06.09"]
[EventType "team-tourn"]
[EventCountry "GER"]
[SourceTitle "playchess.com"]
[Source "ChessBase"]
[SourceQuality "1"]
[TimeControl "40/5400+30:1800+30"]

1. e4 c5 2. Nf3 Nc6 3. d4 cxd4 4. Nxd4 Nf6 5. Nc3 d6 6. Bg5 e6 7. Qd2 Be7 8. O-O-O O-O 9. f4 Nxd4 10. Qxd4 h6 11. Bh4 Qa5 12. Kb1 e5 $1 13. fxe5 {[%emt 0:06:14] B65: Sicilian: Richter-Rauzer: 7...Be7 8 0-0-0 0-0 9 f4 Nxd4.} dxe5 14. Qf2 Be6 (14... Ng4 $11 15. Qe1 Bxh4 16. Qxh4 Qb6) 15. Bxf6 $14 {[%emt 0:03:22] White is slightly better.} Bxf6 16. Nd5 Bxd5 17. Rxd5 {[%emt 0:00:50] [#]} Qb4 $146 ({Predecessor:} 17... Rad8 18. Bc4 Qb4 19. Qe2 Rxd5 20. Bxd5 Qe7 21. Rf1 b6 22. Rf3 Rc8 23. a3 Qc5 {1-0 Radulov,I (2465)-Armas,J (2415) Capablanca Memorial-16 Premier II 1980 (6)}) 18. Bd3 a6 19. Qe1 {[%emt 0:01:17] Weighted Error Value: White=0.05 (flawless) /Black=0.17 (very precise)} 1/2-1/2

[Event "DFMM-LV 2023"]
[Site "Braunfels"]
[Date "2023.06.11"]
[Round "5.42"]
[White "Skogvall, Martina"]
[Black "Skibbe, Diana"]
[Result "1-0"]
[Annotator "TA"]
[ECO "C29"]
[WhiteElo "1979"]
[BlackElo "1956"]
[PlyCount "93"]
[EventDate "2023.06.09"]
[EventType "team-tourn"]
[EventCountry "GER"]
[SourceTitle "playchess.com"]
[Source "ChessBase"]
[SourceQuality "1"]
[TimeControl "40/5400+30:1800+30"]

1. e4 e5 2. Nc3 Nf6 3. f4 d5 4. fxe5 Nxe4 5. Qf3 Nxc3 ({Black should play} 5... f5 $15) 6. dxc3 {[%emt 0:00:04] C29: Vienna Game: 2...Nf6 3 f4.} Be7 7. Bf4 Be6 8. O-O-O {[%emt 0:00:21] The position is equal.} Bg5 (8... Nd7 $11 {remains equal.}) 9. Kb1 (9. Nh3 $16 Bxf4+ 10. Nxf4) 9... Bxf4 $11 10. Qxf4 Qe7 11. Nf3 Nd7 12. Bd3 O-O-O {[%emt 0:00:14] [#]} 13. Nd4 $146 ({Predecessor:} 13. Rhf1 f6 14. exf6 Nxf6 15. Rde1 Qd7 16. Rxe6 {1-0 Monpeurt,C (2147)-Koch,M (1648) FRA-chT Top 16 Gp Basse 2023 (1.3)}) 13... g5 14. Qe3 Qc5 (14... Kb8 $14 {should be considered.}) 15. Rde1 ({Better is} 15. Qxg5 $16 Rdg8 16. Qh6) 15... h6 16. Rhf1 Qb6 17. Bf5 c5 18. Bxe6 fxe6 19. Nb3 Rdf8 20. a3 a5 21. Qh3 Rxf1 22. Rxf1 a4 23. Nd2 Nxe5 24. Re1 Qd6 25. Qg3 Nf7 {[%emt 0:00:48] Threatens to win with ...Qxg3.} (25... Nc4 {looks sharper.} 26. Nxc4 Qxg3 27. Nb6+ Kc7) 26. Qg4 Nd8 27. Qxa4 Qxh2 28. Qa5 Qc7 29. Qa8+ Kd7 30. Nf3 Nf7 {[%emt 0:03:39] Against Ne5+} (30... Ke7 $11) 31. Qa4+ (31. Ne5+ $1 $14 Qxe5 32. Qa4+ Kc7 33. Rxe5 Nxe5 34. b4) 31... Ke7 (31... Qc6 $15 32. Qg4 h5) 32. Qg4 Qd6 33. c4 h5 (33... dxc4 $11 {keeps the balance.} 34. Qxc4 Rd8) 34. Qf5 $16 Rh6 35. cxd5 {[%emt 0:01:17] White has more active pieces.} ({White should try} 35. Nxg5 $16 Rf6 36. Qh7 (36. Qxd5 $2 {is the wrong capture.} Qxd5 {[%mdl 64] Remove Defender} 37. cxd5 Nxg5 $19)) 35... Rf6 $14 36. Rxe6+ $2 {[%emt 0:03:16][%mdl 8192] [#]} (36. Qe4 $14 {stays ahead.}) 36... Rxe6 $2 (36... Qxe6 $19 37. Qxe6+ Rxe6 38. dxe6 g4) 37. dxe6 Qxe6 38. Qxc5+ {[%emt 0:00:07][%mdl 4096] Endgame KQN-KQN} Kf6 39. Qd4+ Kg6 40. Qb4 Qd5 41. Qb6+ Kf5 42. Qc7 Kg4 43. b3 h4 44. a4 Nd6 45. a5 Nf5 (45... Kf4 $11) 46. Qc3 {[%emt 0:00:00] And now Qf6 would win.} Kg3 $2 {[%emt 0:00:00] [#]} (46... Qe4 $16) 47. Nxh4+ $1 {[%emt 0:00:00][%mdl 576] Decoy.   Weighted Error Value: White=0.27 (precise) /Black=0.37} 1-0

[Event "DFMM-LV 2023"]
[Site "Braunfels"]
[Date "2023.06.11"]
[Round "5.43"]
[White "Bethge, Johanna"]
[Black "Bazzazi, Elnaz"]
[Result "1/2-1/2"]
[Annotator "NA RC COMBH"]
[ECO "C45"]
[WhiteElo "1721"]
[BlackElo "1827"]
[PlyCount "27"]
[EventDate "2023.06.09"]
[EventType "team-tourn"]
[EventCountry "GER"]
[SourceTitle "playchess.com"]
[Source "ChessBase"]
[SourceQuality "1"]
[TimeControl "40/5400+30:1800+30"]

1. e4 e5 2. Nf3 Nc6 3. d4 exd4 4. Nxd4 Qf6 5. Be3 Bc5 6. c3 Qg6 7. Qf3 Nf6 8. Nb5 Bxe3 9. Qxe3 Kd8 10. Nd2 Re8 11. f3 d5 12. O-O-O a6 13. Nd4 Bd7 14. Nxc6+ 1/2-1/2

[Event "DFMM-LV 2023"]
[Site "Braunfels"]
[Date "2023.06.11"]
[Round "5.44"]
[White "Von Herman, Brigitte"]
[Black "Dietrich, Mareike"]
[Result "1/2-1/2"]
[Annotator "TA"]
[ECO "B22"]
[WhiteElo "1904"]
[BlackElo "1771"]
[PlyCount "30"]
[EventDate "2023.06.09"]
[EventType "team-tourn"]
[EventCountry "GER"]
[SourceTitle "playchess.com"]
[Source "ChessBase"]
[SourceQuality "1"]
[TimeControl "40/5400+30:1800+30"]

1. e4 c5 2. c3 Nf6 3. e5 Nd5 4. d4 cxd4 5. Nf3 Nc6 6. Bc4 Nb6 7. Bb3 d6 8. exd6 Qxd6 9. O-O Be6 10. Bxe6 Qxe6 11. Nxd4 Nxd4 12. Qxd4 Rd8 13. Qh4 Qe2 14. Nd2 e5 {[%emt 0:03:20] [#] B22: Sicilian: 2 c3.} ({Better is} 14... Rxd2 $15 15. Bxd2 Qxd2) 15. Nf3 $146 (15. Ne4 $1 $11) ({Predecessor:} 15. Qg3 f6 16. Qh3 Kf7 17. a4 Bc5 18. g3 Rxd2 19. Bxd2 Qxd2 20. b4 Be7 21. a5 Qd7 22. Qh5+ {½-½ Sevillano,E (2490)-Arnold,M (2505) Lubbock SPICE Cup-B 5th 2011 (4)}) 15... f6 (15... Rd1 $15 16. Nd2 Bd6) 1/2-1/2

[Event "DFMM-LV 2023"]
[Site "Braunfels"]
[Date "2023.06.11"]
[Round "5.45"]
[White "Kohl, Natalie"]
[Black "Guder, Sibylle"]
[Result "0-1"]
[Annotator "NA RC COMBH"]
[ECO "B08"]
[WhiteElo "1504"]
[BlackElo "1808"]
[PlyCount "61"]
[EventDate "2023.06.09"]
[EventType "team-tourn"]
[EventCountry "GER"]
[SourceTitle "playchess.com"]
[Source "ChessBase"]
[SourceQuality "1"]
[TimeControl "40/5400+30:1800+30"]

1. e4 g6 2. d4 Bg7 3. Nf3 d6 4. h3 Nf6 5. Nc3 a6 6. Bc4 b5 7. Bb3 O-O 8. O-O c6 9. e5 Ne8 10. Ne4 h6 11. Bf4 Bf5 12. Ng3 Be6 13. d5 cxd5 14. Bxd5 Bxd5 15. Qxd5 Nc7 16. Qd2 dxe5 17. Qxd8 Rxd8 18. Nxe5 Ne6 19. Rad1 Re8 20. Nh5 Nxf4 21. Nxg7 Kxg7 22. Rfe1 f6 23. Nf3 Nc6 24. Ne5 Kf8 25. Nf3 Kf7 26. Kh2 Ne6 27. g3 Nf8 28. Nh4 Rad8 29. f4 Rxd1 30. g4 Red8 31. Rxd1 0-1

[Event "DFMM-LV 2023"]
[Site "Braunfels"]
[Date "2023.06.11"]
[Round "5.46"]
[White "Fock, Amina"]
[Black "Loos, Tilda"]
[Result "1-0"]
[Annotator "NA RC COMBH"]
[ECO "B40"]
[WhiteElo "1836"]
[BlackElo "1401"]
[PlyCount "69"]
[EventDate "2023.06.09"]
[EventType "team-tourn"]
[EventCountry "GER"]
[SourceTitle "playchess.com"]
[Source "ChessBase"]
[SourceQuality "1"]
[TimeControl "40/5400+30:1800+30"]

1. e4 c5 2. Nf3 e6 3. g3 Nc6 4. Bg2 Be7 5. O-O Nf6 6. Qe2 e5 7. d3 O-O 8. Nbd2 b5 9. a4 b4 10. Nc4 d6 11. h3 Bb7 12. Ne3 a5 13. Nf5 Re8 14. N3h4 Nd4 15. Nxd4 cxd4 16. f4 Nd7 17. Nf5 f6 18. Qg4 g6 19. Nh6+ Kg7 20. fxe5 Nxe5 21. Qe2 d5 22. Ng4 Qd6 23. Bh6+ Kg8 24. Rae1 dxe4 25. dxe4 d3 26. cxd3 Qxd3 27. Qf2 Nxg4 28. hxg4 Qd7 29. g5 Ba6 30. gxf6 Bxf6 31. Qxf6 Bxf1 32. Rxf1 Qe7 33. e5 Rad8 34. Bd5+ Rxd5 35. Qxe7 1-0